 Dungeon Crawl Stone Soup version 0.30-a0-782-ge64f9170bb (webtiles) character file.

Game seed: 8914699835056079029

119 sanka the Slasher (level 4, 0/38 HPs)
             Began as a Demigod Fighter on Feb 24, 2023.
             Slain by an ogre
             ... wielding a +0 giant club
              (13 damage)
             ... on level 4 of the Dungeon on Feb 25, 2023.
             The game lasted 00:02:55 (2238 turns).

sanka the Slasher (Demigod Fighter)                 Turns: 2238, Time: 00:02:55

Health: 0/38       AC: 11    Str: 23    XL:     4   Next: 47%
Magic:  6/6        EV:  7    Int: 10    God:
Gold:   140        SH:  5    Dex: 17    Spells: 3/3 levels left

rFire   . . .      SeeInvis .    a - +0 long sword
rCold   . . .      Faith    .    c - +0 buckler
rNeg    . . .      Spirit   .    l - +0 plate armour
rPois   .          Reflect  .    (no helmet)
rElec   .          Harm     .    (no cloak)
rCorr   .          Rampage  .    (no gloves)
Will    .....                    (no boots) Stlth
                                 (no amulet)
HPRegen 0.26/turn                (no ring)
MPRegen 0.10/turn                m - +6 ring of strength

@: no status effects
A: high MP 1, forlorn, divine attributes
a: no special abilities


You were on level 4 of the Dungeon.
You visited 1 branch of the dungeon, and saw 4 of its levels.

You collected 140 gold pieces.


Innate Abilities, Weirdness & Mutations

You have an increased reservoir of magic. (+10% MP)
You shall have no god before yourself.
Your divine heritage dramatically boosts your attributes as you level up.


   Skills:
 - Level 3.0 Fighting
 + Level 3.1 Long Blades
 - Level 3.0 Armour
 + Level 2.2 Dodging
 - Level 3.0 Shields


You had 3 spell levels left.
You didn't know any spells.
Your spell library contained the following spells:

 Spells                   Type           Power      Damage    Failure   Level
 Freeze                   Ice            0%         1d3       100%        1
 Frozen Ramparts          Ice            0%         1d1       100%        3
 Hailstorm                Conj/Ice       0%         3d3       100%        3

Inventory:

Hand Weapons
 a - a +0 long sword (weapon)
Armour
 b - a +0 scale mail
 c - a +0 buckler (worn)
 k - a +0 pair of gloves
 l - a +0 plate armour (worn)
Jewellery
 m - a +6 ring of strength (right hand)
Scrolls
 f - 2 scrolls of poison {unknown}
 h - 5 scrolls of identify {unknown}
 i - a scroll of torment {unknown}
 n - 2 scrolls of enchant armour {unknown}
 o - a scroll of amnesia {unknown}
 q - a scroll of blinking {unknown}
 s - 3 scrolls of teleportation {unknown}
 t - a scroll of fog {unknown}
Potions
 d - a potion of might
 e - a potion of magic {unknown}
 g - a potion of curing {unknown}
 j - 2 potions of heal wounds {unknown}
 p - 2 potions of berserk rage {unknown}
 r - a potion of degeneration {unknown}

Dungeon Overview and Level Annotations

Branches:
Dungeon (4/15)
 Temple: D:4-7

▒. ▒.▒ ▒.▒
▒.▒▒▒▒▒▒▒▒▒▒▒
▒.▒..........
▒...<....▒▒▒▒
▒............
▒.........▒▒▒
▒p▒.▒▒▒▒▒..>.
▒O▒.▒▒▒▒▒▒▒.▒
▒h▒.......)..
▒w▒▒▒▒▒▒▒▒▒.
▒.▒ ▒.▒ ..▒
..▒ ....


You could see a black bear, an ogre and a dart slug.


Message History

There is an open door here.
There is a stone staircase leading down here.
You climb downwards.
Found a scroll labelled WEYTHR POWNAOKK.
Found a stone staircase leading down.
There is a stone staircase leading up here.
h - 5 scrolls labelled WEYTHR POWNAOKK (gained 1)
Found a quarterstaff.
An ogre and a dart slug come into view.
The ogre shouts!
You hear an angry growl.
You hear a shout!
There are monsters nearby!
There are monsters nearby!
A black bear comes into view.
You barely miss the ogre.
The ogre hits you with a +0 giant club!!
Ouch! That really hurt!
* * * LOW HITPOINT WARNING * * *
You barely miss the ogre. The ogre barely misses you.
You hit the ogre.
The ogre is lightly wounded.
You block the ogre's attack.
You barely miss the ogre.
The ogre is lightly wounded.
You hit the ogre.
The ogre is lightly wounded.
The ogre hits you with a +0 giant club!
You die...

Action                     |  1- 3 |  4- 6 || total
---------------------------+-------+-------++-------
  Melee: Long sword        |   155 |    46 ||   201
 Armour: Scale mail        |    56 |       ||    56
         Plate armour      |    30 |    20 ||    50
  Dodge: Dodged            |    69 |     8 ||    77
  Block: Buckler           |    41 |     8 ||    49

Levels and vault maps discovered:
D:1:      ncdulo_lavacross, layout_basic, minmay_split_cup_small
D:2:      layout_basic, minmay_misc_feat_more_columns
D:3:      layout_basic, chequers_serial_rivers_small_3
D:4:      layout_basic, riverfiend_overflow_shadow_ancestor,
          serial_bayou_lake_a, uniq_eustachio, uniq_sigmund

Notes
Turn   | Place    | Note
-------+----------+-------------------------------------------
     0 | D:1      | sanka the Demigod Fighter began the quest for the Orb.
     0 | D:1      | Reached XP level 1. HP: 18/18 MP: 3/3
    34 | D:1      | Reached skill level 2 in Long Blades
    38 | D:1      | Reached XP level 2. HP: 25/25 MP: 4/4
   417 | D:1      | Reached skill level 3 in Armour
   511 | D:1      | Reached skill level 3 in Fighting
   511 | D:1      | Reached skill level 3 in Shields
   511 | D:1      | Reached XP level 3. HP: 29/31 MP: 5/5
   535 | D:1      | Reached skill level 1 in Dodging
   985 | D:2      | Reached XP level 4. HP: 26/38 MP: 6/6
  1578 | D:3      | Reached skill level 3 in Long Blades
  1578 | D:3      | Reached skill level 2 in Dodging
  2225 | D:4      | Noticed an ogre
  2226 | D:4      | Noticed a black bear
  2238 | D:4      | Slain by an ogre

Vanquished Creatures
  2 gnolls (D:3)
  2 adders (D:2)
  A worm (D:2)
  3 dart slugs
  An orc (D:3)
  4 ball pythons
  12 endoplasms
  4 giant cockroaches
  9 goblins
  6 hobgoblins
  3 jackals (D:1)
  6 kobolds
  A quokka (D:1)
  A bat (D:1)
  4 frilled lizards
  5 rats
64 creatures vanquished.

Vanquished Creatures (others)
  A plant (D:4)
1 creature vanquished.

Grand Total: 65 creatures vanquished
